AoeStats
← albanplumed

Arena

507155414Analyzed
4v4 RM · 15d ago on Sep 16, 2026· 30m 32s· 8 players
Game mode
Random Map
Map size
Large (8 player)
Population
200
Speed
Normal
Resources
Standard
Victory
Conquest
Starting age
Dark Age
Ending age
Imperial Age
RankedLock teamsTeams togetherTeam positionsShared explorationLock speedFull tech treeHidden civsTurbo modeCheats
Victory
Defeat
🇹🇷 Portuguese · Türkiye
1436
+13
🇹🇷 Cumans · Türkiye
1404
+14
🇹🇷 Turks · Türkiye
1317
+18
🇹🇷 Berbers · Türkiye
1296
+18
🇲🇽 Dravidians · Mexico
1390
-17
🇬🇧 Slavs · United Kingdom
1368
-16
🇨🇿 Koreans · Czechia
1340
-15
🇲🇦 Burgundians · Morocco
1335
-15
OsmanAbi
11:11 Feudal Age
12:35 Double-Bit Axe
16:29 Castle Age
15:23 Horse Collar
18:14 Loom
22:14 Imperial Age
19:59 Gold Mining
23:32 Town Watch
ysk
12:05 Feudal Age
13:49 Double-Bit Axe
13:47 Horse Collar
16:31 Castle Age
21:32 Imperial Age
20:32 Bow Saw
Sem
9:46 Feudal Age
10:24 Double-Bit Axe
10:21 Horse Collar
13:32 Loom
14:25 Wheelbarrow
14:31 Wheelbarrow
19:25 Castle Age
18:23 Scale Barding Armor
19:00 Forging
19:33 Bloodlines
20:54 Iron Casting
20:52 Bow Saw
20:46 Heavy Plow
20:46 Gold Mining
22:26 Chain Barding Armor
albanplumed
11:18 Feudal Age
11:58 Horse Collar
12:05 Double-Bit Axe
12:36 Loom
15:24 Castle Age
16:19 Scale Barding Armor
18:49 Bloodlines
18:58 Husbandry
19:14 Forging
23:04 Town Watch
24:02 Heavy Plow
25:41 Chain Barding Armor
28:59 Wheelbarrow
28:25 Town Patrol
29:06 Iron Casting
No-One-Knows-Me
6:24 Double-Bit Axe
11:11 Feudal Age
9:48 Horse Collar
15:41 Castle Age
14:41 Bow Saw
14:37 Heavy Plow
15:52 Wheelbarrow
18:21 Hand Cart
20:51 Gold Mining
20:57 Stone Mining
23:28 Gold Shaft Mining
23:33 Stone Shaft Mining
24:44 Crop Rotation
25:20 Two-Man Saw
25:44 Cavalier
26:25 Husbandry
26:34 Scale Barding Armor
26:40 Forging
28:38 Chain Barding Armor
milesburkley
11:52 Feudal Age
12:42 Double-Bit Axe
15:48 Castle Age
13:56 Horse Collar
17:48 Bow Saw
18:12 Heavy Plow
21:50 Scale Barding Armor
23:15 Wheelbarrow
25:28 Bloodlines
25:50 Hand Cart
25:37 Loom
26:28 Husbandry
26:40 Gold Mining
Nobody
10:45 Feudal Age
15:13 Castle Age
13:23 Horse Collar
14:06 Double-Bit Axe
16:10 Fletching
16:51 Padded Archer Armor
18:00 Wheelbarrow
17:29 Elite Skirmisher
18:11 Gold Mining
18:52 Bodkin Arrow
20:08 Leather Archer Armor
23:53 Thumb Ring
Joseph90
11:17 Feudal Age
15:11 Castle Age
14:18 Double-Bit Axe
14:15 Horse Collar
15:55 Loom
16:51 Bow Saw
16:43 Heavy Plow
18:39 Loom
19:30 Wheelbarrow
19:16 Loom
19:22 Town Watch
24:15 Fletching
25:17 Bodkin Arrow
28:53 Imperial Age
27:41 Ballistics
Connection lost

Rejoining the realm…

Still unreachable

The connection could not be restored.

Session expired

The server has moved on; the page needs a fresh start.